 Dungeon Crawl Stone Soup version 0.20-b1-24-gb21faa7 (webtiles) character file.

41 cereshysteria the Charmwright (level 3, -8/32 HPs)
             Began as a Naga Skald on May 25, 2017.
             Mangled by a gnoll
             ... wielding a +0 flail
              (10 damage)
             ... on level 2 of the Dungeon.
             The game lasted 00:04:52 (1281 turns).

cereshysteria the Charmwright (Naga Skald)          Turns: 1281, Time: 00:04:52

Health: -8/32      AC:  2    Str: 13    XL:     3   Next: 52%
Magic:  4/6        EV:  9    Int: 13    God:
Gold:   93         SH:  0    Dex: 11    Spells: 2/6 levels left

rFire    . . .     SeeInvis +   a - +1 spear
rCold    . . .     Gourm    .   (no shield)
rNeg     . . .     Faith    .   b - +0 leather armour
rPois    +         Spirit   .   (no helmet)
rElec    .         Reflect  .   (no cloak)
rCorr    .         Harm     .   (no gloves)
MR       .....                  (no barding)
Stlth    +.........             (no amulet)
Regen    0.1/turn               j - ring of wizardry
MPRegen  0.1/turn               (no ring)

@: very slow
A: see invisible, deformed body, poison resistance, slowness 2, slow metabolism
1, spit poison 1, AC +1
a: Spit Poison


You were on level 2 of the Dungeon.
You were not hungry.

You visited 1 branch of the dungeon, and saw 2 of its levels.

You collected 93 gold pieces.

Inventory:

Hand Weapons
 a - a +1 spear (weapon)
Armour
 b - a +0 leather armour (worn)
Jewellery
 j - a ring of wizardry (left hand)
Scrolls
 e - a scroll of remove curse
Potions
 f - a potion of brilliance {unknown}
 l - 3 potions of heal wounds {unknown}
 m - a potion of degeneration {unknown}
Books
 c - a book of Battle

   Spells                             Type                      Level
   a - Infusion                       Charms                       1
   b - Shroud of Golubria             Charms/Translocation         2
   c - Song of Slaying                Charms                       2
   d - Spectral Weapon                Hexes/Charms                 3
   e - Regeneration                   Charms/Necromancy            3
Comestibles
 g - a royal jelly


   Skills:
 + Level 2.2 Fighting
 + Level 2.3 Polearms
 * Level 1.0 Armour
 * Level 1.7 Dodging
 * Level 2.3 Spellcasting
 + Level 3.5 Charms


You had 2 spell levels left.
You knew the following spells:

 Your Spells              Type           Power        Failure   Level  Hunger
a - Infusion              Chrm           ##..         3%          1    #......
b - Spectral Weapon       Hex/Chrm       #.......     17%         3    ###....


Dungeon Overview and Level Annotations

Branches:
Dungeon (2/15)

Altars:


Innate Abilities, Weirdness & Mutations

You cannot wear boots.
Your serpentine skin is tough. (AC +1)
You have supernaturally acute eyesight. (SInv)
Armour fits poorly on your strangely shaped body.
Your system is resistant to poisons. (rPois)
You cover ground very slowly.
You have a slow metabolism.
You can spit poison.


Message History

The gnoll hits you from afar with a spear!
The gnoll hits you from afar with a spear!
You swap places.
The gnoll closely misses you.
The gnoll hits you from afar with a spear.
The gnoll hits your spectral weapon with a club.
Your spectral weapon shares its damage with you!
* * * LOW HITPOINT WARNING * * *
You are too injured to fight recklessly!
You are too injured to fight recklessly!
You are too injured to fight recklessly!
You swap places.
The gnoll closely misses you. x2
The gnoll hits you with a club.
* * * LOW HITPOINT WARNING * * *
You hit the gnoll.
The gnoll is moderately wounded.
Your spectral weapon hits the gnoll from afar.
The gnoll closely misses your spectral weapon.
The gnoll hits you with a flail!
You die...

###...#.#########..
...... ##. #.# ##.
..... # #.# ##
#...# ### #.# #
###g.>. ..# #.# #
.....# #.# #.# #
#.g.# #.# #.# #
#...#####g#####.# #
#.......gg@(....# #
#..[..####g#######
# ..............# #
##......####### #
######## #


You could see 4 gnolls and a friendly spectral spear.

Vanquished Creatures
  A gnoll (D:1)
  An adder (D:2)
  A leopard gecko (D:2)
  A ball python (D:2)
  A giant cockroach (D:1)
  3 goblins
  5 hobgoblins
  2 bats
  A frilled lizard (D:1)
  2 kobolds (D:1)
  5 rats (D:1)
23 creatures vanquished.

Vanquished Creatures (others)
  A spectral weapon (D:2)
1 creature vanquished.

Grand Total: 24 creatures vanquished

Notes
Turn   | Place    | Note
-------+----------+-------------------------------------------
     0 | D:1      | cereshysteria the Naga Skald began the quest for the Orb.
     0 | D:1      | Reached XP level 1. HP: 19/19 MP: 3/3
   402 | D:1      | Reached XP level 2. HP: 23/26 MP: 5/5
   811 | D:1      | Reached XP level 3. HP: 22/32 MP: 6/6
  1240 | D:2      | Learned a level 3 spell: Spectral Weapon
  1256 | D:2      | Reached skill level 1 in Armour
  1281 | D:2      | Mangled by a gnoll

Skill      XL: |  1  2  3 |
---------------+----------+-----
Armour         | 1 |  1.0
Fighting       | |  2.2
Polearms       | |  2.3
Dodging        | |  1.7
Spellcasting   | |  2.3
Charms         | |  3.5

Action                   || total
-------------------------++-------
Melee: Spear             ||    99
 Cast: Infusion          ||     2
       Spectral Weapon   ||     2
  Use: Scroll            ||     4
  Eat: Bread ration      ||     1
Armor: Leather armour    ||    16
Dodge: Dodged            ||    47
